 Dungeon Crawl Stone Soup version 0.24.0-125-gc4c63601f3 (webtiles) character file.

Game seed: 18370790631690999258, levelgen mode: deterministic

56 nightchill the Ruffian (level 3, 0/29 HPs)
             Began as a Draconian Transmuter on Feb 28, 2020.
             Slain by a gnoll
             ... wielding a +0 spear
              (4 damage)
             ... on level 2 of the Dungeon.
             The game lasted 00:03:48 (1445 turns).

nightchill the Ruffian (Draconian Transmuter)       Turns: 1445, Time: 00:03:48

Health: 0/29       AC:  5    Str: 13    XL:     3   Next: 69%
Magic:  5/6        EV: 12    Int: 13    God:
Gold:   53         SH:  0    Dex: 11    Spells: 3/6 levels left

rFire    . . .     SeeInvis .     - Unarmed
rCold    . . .     Gourm    .   (no shield)
rNeg     . . .     Faith    .   (armour unavailable)
rPois    .         Spirit   .   (helmet restricted)
rElec    .         Reflect  .   (no cloak)
rCorr    .         Harm     .   (no gloves)
MR       .....                  (no boots)
Stlth    +.........             (no amulet)
HPRegen  0.09/turn              (no ring)
MPRegen  0.10/turn              (no ring)

@: very slightly contaminated
A: unfitting armour, cold-blooded, AC +5
a: no special abilities


You were on level 2 of the Dungeon.
You were not hungry.

You visited 1 branch of the dungeon, and saw 2 of its levels.

You collected 53 gold pieces.

Inventory:

Hand Weapons
 k - a +0 hunting sling
Missiles
 a - 47 arrows
Armour
 f - a +0 buckler
Jewellery
 d - an uncursed ring of stealth {unknown}
 e - a +4 ring of strength {unknown}
Scrolls
 b - a scroll of magic mapping {unknown}
 h - 4 scrolls of identify {unknown}
 i - a scroll of fear {unknown}
 l - a scroll of blinking {unknown}
Potions
 g - a potion of mutation {unknown}
Comestibles
 c - a ration
 j - 3 chunks of flesh


   Skills:
 + Level 2.1 Fighting
 - Level 1.7 Dodging
 + Level 3.4 Unarmed Combat
 - Level 2.0 Spellcasting
 * Level 3.2 Transmutations


You had 3 spell levels left.
You knew the following spells:

 Your Spells              Type           Power        Failure   Level  Hunger
a - Beastly Appendage     Tmut           #.....       7%          1    ##.....
b - Sticks to Snakes      Tmut           #.......     10%         2    ###....

Your spell library contained the following spells:

 Spells                   Type           Power        Failure   Level  Hunger
 Spider Form              Tmut/Pois      #.........   36%         3    ####...
 Ice Form                 Ice/Tmut       #.......     78%         4    #####..
 Blade Hands              Tmut           #.........   88%         5    ######.


Dungeon Overview and Level Annotations

Branches:
Dungeon (2/15)

Altars:


Innate Abilities, Weirdness & Mutations

Your plain brown scales are hard. (AC +5)
You cannot fit into any form of body armour.
You are cold-blooded and may be slowed by cold attacks.


Message History

The gnoll hits you but does no damage.
You hit the gnoll.
The gnoll is moderately wounded.
The gnoll hits you but does no damage.
You hit the gnoll but do no damage.
The gnoll is moderately wounded.
The gnoll hits you with a +0 spear.
The gnoll hits you from afar with a +0 spear.
* * * LOW HITPOINT WARNING * * *
You hit the gnoll but do no damage.
The gnoll is moderately wounded.
The gnoll closely misses you.
The gnoll hits you from afar with a +0 spear.
* * * LOW HITPOINT WARNING * * *
You hit the gnoll.
You tail-slap the gnoll, but do no damage.
The gnoll is heavily wounded.
The gnoll closely misses you.
The gnoll hits you from afar with a +0 spear.
You die...

.###...>...##
#.#.#.###.####.##.#
.##.........###......##.####.#
..+.........'..................
###.........###.........####.#.
##.......## ###.##.#### .##.
##.....## ####g# .# ##
##...######### #.# .# ##'##
#.....# #.# #.# #.###@# #)# #.#
#.###g###.# ##.## #.#...g..<#
######...###.#.#.#####
#.........##.#.#.#
#.####...###.#.#.#
#.#####..###.....#
......÷....÷...###
#.######.#######


You could see 2 gnolls.

Vanquished Creatures
  A gnoll (D:1)
  An ooze (D:1)
  A worm (D:2)
  2 dart slugs (D:1)
  5 leopard geckos
  A giant cockroach (D:1)
  6 goblins
  2 hobgoblins
  2 ball pythons
  5 bats (D:1)
  A frilled lizard (D:1)
  2 kobolds (D:1)
  2 rats (D:1)
31 creatures vanquished.

Notes
Turn   | Place    | Note
-------+----------+-------------------------------------------
     0 | D:1      | nightchill the Draconian Transmuter began the quest for the
                  | Orb.
     0 | D:1      | Reached XP level 1. HP: 16/16 MP: 3/3
   223 | D:1      | Reached XP level 2. HP: 13/23 MP: 5/5
   699 | D:1      | Reached XP level 3. HP: 26/29 MP: 4/6
   962 | D:2      | Learned a level 2 spell: Sticks to Snakes
  1445 | D:2      | Slain by a gnoll

Levels and vault maps discovered:
D:1:      ncdulo_lavacross, layout_rooms, minmay_pentomino_x4
D:2:      layout_loops_corners, nicolae_ru_the_path_less_chosen,
          grunt_qazlal_sundering, nicolae_overflow_quartered_altars,
          serial_forest, infiniplex_forest_end_2, infiniplex_forest_corner_2,
          infiniplex_forest_straight_2, infiniplex_forest_clump_large,
          infiniplex_forest_side_room, infiniplex_forest_lined_corner,
          infiniplex_forest_corner_1, infiniplex_forest_straight_4

Skill      XL: |  1  2  3 |
---------------+----------+-----
Transmutations | 3 |  3.2
Fighting       | 2 |  2.1
Dodging        | |  1.7
Unarmed Combat | |  3.4
Spellcasting   | |  2.0

Action                   || total
-------------------------++-------
Melee: Unarmed           ||   103
       Kick              ||     9
       Headbutt          ||     9
       Punch             ||     1
       Tailslap          ||     9
 Cast: Beastly Appendage ||    16
  Eat: Chunk             ||     2
Armor: Skin              ||    20
Dodge: Dodged            ||    61
